 Dungeon Crawl Stone Soup version 0.27.1-34-g3ba077fa99 (webtiles) character file.

Game seed: 1773267459067018785

583389 safid the Apostle (level 27, -15/264 HPs)
             Began as a Hill Orc Fighter on Jan 6, 2022.
             Was a High Priest of Beogh.
             Demolished by an Orb Guardian (22 damage)
             ... on level 5 of the Realm of Zot on Jan 8, 2022.
             The game lasted 04:25:28 (62275 turns).

safid the Apostle (Hill Orc Fighter)               Turns: 62275, Time: 04:25:29

Health: -15/264    AC: 39    Str: 44 (47) XL:     27
Magic:  49/49      EV:  5    Int: 15      God:    Beogh [*****.]
Gold:   2370       SH:  0    Dex:  7 (10) Spells: 26/26 levels left

rFire    . . .     SeeInvis +   S - +9 broad axe of Infinite Pain {flame, Int+4 SInv Stlth+}
rCold    + + +     Faith    +   F - +2 tower shield
rNeg     . . .     Spirit   .   Y - +3 gold dragon scales
rPois    +         Reflect  .   s - +2 helmet of Xib Soisotz {Str+7}
rElec    .         Harm     .   N - +2 cloak
rCorr    +         Rampage  ∞   I - +2 pair of gloves {Str+3}
Will     ++...                  L - +3 pair of seven-league boots {Rampage+∞}
Stlth    ..........             V - amulet of the Stag {Faith rC+ rCorr Str-4}
HPRegen  1.54/turn              c - ring "Hiluuzuo" {rF- rC++ rCorr MP+9 Str+3}
MPRegen  0.31/turn              t - ring of Pemeit {Fly rPois Str+6 Int+3}

@: confused, about to teleport, ambrosia-drunk, marked, flying, held
A: walk on water, camouflage 1, regeneration 1, screaming 1, subdued magic 1,
sturdy frame 1
}: 3/15 runes: decaying, slimy, gossamer
a: Renounce Religion, Smiting, Recall Orcish Followers, Give Item to Named
Follower


You were on level 5 of the Realm of Zot.
You worshipped Beogh.
Beogh was extremely pleased with you.
You visited 10 branches of the dungeon, and saw 54 of its levels.
You visited the Abyss 3 times.
You visited 1 bazaar.

You collected 7217 gold pieces.
You spent 4847 gold pieces at shops.

Inventory:

Hand Weapons
 S - the +9 broad axe of Infinite Pain (weapon) {flame, Int+4 SInv Stlth+}
   (You found it on level 1 of the Abyss)

   It burns those it strikes, dealing additional fire damage.
   Big, fiery blades are also staple armaments of hydra-hunters.
   Int:       It affects your intelligence (+4).
   SInv:      It lets you see invisible.
   Stlth:     It makes you more stealthy.
Missiles
 x - 7 throwing nets
 D - 7 silver javelins (quivered)
 X - 22 javelins
Armour
 s - the +2 helmet of Xib Soisotz (worn) {Str+7}
   (You found it on level 2 of the Abyss)

   Str:       It affects your strength (+7).
 F - a +2 tower shield (worn)
 I - a +2 pair of gloves of strength (worn)
 L - the +3 pair of seven-league boots (worn) {Rampage+∞}
   (You found it on level 3 of the Elven Halls)

   Its wearer moves as far as possible in that direction when moving towards
   enemies.
 N - a +2 cloak (worn)
 Y - +3 gold dragon scales (worn)
Jewellery
 c - the ring "Hiluuzuo" (left hand) {rF- rC++ rCorr MP+9 Str+3}
   (You acquired it on level 3 of the Spider Nest)

   [ring of resist corrosion]

   Str:       It affects your strength (+3).
   rF:        It makes you vulnerable to fire.
   rC:        It greatly protects you from cold.
   MP:        It affects your magic capacity (+9).
   rCorr:     It protects you from acid and corrosion.
 t - the ring of Pemeit (right hand) {Fly rPois Str+6 Int+3}
   (You found it on level 5 of the Pits of Slime)

   [ring of flight]

   Str:       It affects your strength (+6).
   Int:       It affects your intelligence (+3).
   rPois:     It protects you from poison.
   Fly:       It grants you flight.
 w - a ring of positive energy
 P - the ring of the Devouring Madman {Will+ rCorr Str-3 Dex+8 Stlth+}
   (You found it on level 1 of the Depths)

   [ring of willpower]

   Str:       It affects your strength (-3).
   Dex:       It affects your dexterity (+8).
   rCorr:     It protects you from acid and corrosion.
   Will:      It increases your willpower.
   Stlth:     It makes you more stealthy.
 V - the amulet of the Stag (around neck) {Faith rC+ rCorr Str-4}
   (You found it on level 1 of the Depths)

   [amulet of faith]

   It allows you to gain divine favour quickly.
   Str:       It affects your strength (-4).
   rC:        It protects you from cold.
   rCorr:     It protects you from acid and corrosion.
 W - the amulet "Dumuvoy" {Reflect Str+3 SH+5}
   (You found it on level 1 of the Depths)

   [amulet of reflection]

   It reflects blocked missile attacks.
   Str:       It affects your strength (+3).
   SH:        It affects your SH (+5).
Wands
 i - a wand of charming (9)
 o - a wand of polymorph (25)
 r - a wand of mindburst (15)
 z - a wand of digging (12)
 C - a wand of iceblast (43)
 O - a wand of acid (23)
 Q - a wand of paralysis (34)
Scrolls
 b - 4 scrolls of fog
 e - a scroll of enchant weapon
 f - 7 scrolls of magic mapping
 j - 2 scrolls of silence
 l - 19 scrolls of teleportation
 A - 5 scrolls of fear
 G - a scroll of holy word
Potions
 g - 2 potions of mutation
 h - 4 potions of lignification
 k - a potion of resistance
 p - 4 potions of ambrosia
 q - 5 potions of berserk rage
 v - 11 potions of haste
 B - 6 potions of curing
 M - 2 potions of cancellation
 R - 3 potions of might
 U - 6 potions of invisibility
Miscellaneous
 a - a phantom mirror
 m - a box of beasts
 u - a phial of floods
 K - a tin of tremorstones (2/2)
 T - a lightning rod (4/4)


   Skills:
 + Level 24.4 Fighting
 - Level 18.0 Axes
 - Level 12.0 Throwing
 - Level 16.0 Armour
 - Level 8.0 Dodging
 + Level 24.9 Shields
 O Level 27 Invocations
 - Level 16.0 Evocations


You had 26 spell levels left.
You didn't know any spells.
Your spell library contained the following spells:

 Spells                   Type           Power      Damage    Failure   Level
 Animate Skeleton         Necr           0%         N/A       73%         1
 Apportation              Tloc           0%         N/A       73%         1
 Corona                   Hex            0%         N/A       73%         1
 Magic Dart               Conj           0%         1d3       73%         1
 Shock                    Conj/Air       0%         1d3       73%         1
 Summon Small Mammal      Summ           0%         N/A       73%         1
 Call Imp                 Summ           0%         N/A       86%         2
 Ensorcelled Hibernation  Hex/Ice        0%         N/A       86%         2
 Passwall                 Tmut/Erth      0%         N/A       86%         2
 Searing Ray              Conj           0%         3d3       86%         2
 Slow                     Hex            0%         N/A       86%         2
 Sublimation of Blood     Necr           0%         N/A       86%         2
 Wereblood                Tmut           0%         N/A       86%         2
 Call Canine Familiar     Summ           0%         N/A       98%         3
 Confusing Touch          Hex            0%         N/A       98%         3
 Dazzling Flash           Conj/Hex       0%         N/A       98%         3
 Frozen Ramparts          Ice            0%         1d2       98%         3
 Gell's Gravitas          Tloc           0%         N/A       98%         3
 Ignite Poison            Fire/Tmut/Pois 0%         N/A       98%         3
 Inner Flame              Hex/Fire       0%         N/A       98%         3
 Lesser Beckoning         Tloc           0%         N/A       98%         3
 Mephitic Cloud           Conj/Pois/Air  0%         N/A       98%         3
 Portal Projectile        Hex/Tloc       0%         N/A       98%         3
 Summon Guardian Golem    Hex/Summ       0%         N/A       98%         3
 Swiftness                Air            0%         N/A       98%         3
 Teleport Other           Tloc           0%         N/A       98%         3
 Tukima's Dance           Hex            0%         N/A       98%         3
 Vampiric Draining        Necr           0%         2d6       98%         3
 Animate Armour           Summ/Erth      0%         N/A       100%        4
 Animate Dead             Necr           0%         N/A       100%        4
 Cause Fear               Hex            0%         N/A       100%        4
 Fulminant Prism          Conj/Hex       0%         3d6       100%        4
 Hailstorm                Conj/Ice       0%         3d3       100%        4
 Ice Form                 Ice/Tmut       0%         N/A       100%        4
 Iskenderun's Mystic Bla  Conj/Tloc      0%         2d3       100%        4
 Leda's Liquefaction      Hex/Erth       0%         N/A       100%        4
 Olgreb's Toxic Radiance  Pois           0%         N/A       100%        4
 Passage of Golubria      Tloc           N/A        N/A       100%        4
 Petrify                  Tmut/Erth      0%         N/A       100%        4
 Summon Ice Beast         Ice/Summ       0%         N/A       100%        4
 Blade Hands              Tmut           0%         N/A       100%        5
 Bolt of Magma            Conj/Fire/Erth 0%         4d4       100%        5
 Borgnjor's Vile Clutch   Necr/Erth      0%         N/A       100%        5
 Fireball                 Conj/Fire      0%         3d3       100%        5
 Irradiate                Conj/Tmut      0%         3d13      100%        5
 Lee's Rapid Deconstruct  Erth           0%         3d5*      100%        5
 Silence                  Hex/Air        0%         N/A       100%        5
 Summon Mana Viper        Hex/Summ       0%         N/A       100%        5
 Yara's Violent Unravell  Hex/Tmut       0%         3d3       100%        5
 Conjure Ball Lightning   Conj/Air       0%         3x3d6     100%        6
 Death Channel            Necr           0%         N/A       100%        6
 Dispersal                Tloc           0%         N/A       100%        6
 Invisibility             Hex            0%         N/A       100%        6
 Iron Shot                Conj/Erth      0%         9d1       100%        6
 Simulacrum               Ice/Necr       0%         N/A       100%        6
 Starburst                Conj/Fire      0%         6d3       100%        6
 Monstrous Menagerie      Summ           0%         N/A       100%        7
 Orb of Destruction       Conj           0%         N/A       100%        7
 Ozocubu's Refrigeration  Ice            0%         4d5       100%        7
 Spellforged Servitor     Conj/Summ      0%         N/A       100%        7
 Summon Hydra             Summ           0%         N/A       100%        7
 Borgnjor's Revivificati  Necr           0%         N/A       100%        8
 Discord                  Hex            0%         N/A       100%        8
 Disjunction              Tloc           0%         N/A       100%        8
 Ignition                 Fire           0%         3d3       100%        8
 Lehudib's Crystal Spear  Conj/Erth      0%         10d2      100%        8
 Necromutation            Tmut/Necr      0%         N/A       100%        8
 Chain Lightning          Conj/Air       0%         N/A       100%        9
 Death's Door             Necr           0%         N/A       100%        9


Dungeon Overview and Level Annotations

Branches:
Dungeon (15/15)            Temple (0/1) D:7            Lair (6/6) D:11
  Swamp (4/4) Lair:2       Spider (4/4) Lair:2        Slime (5/5) Lair:6
    Orc (2/2) D:10            Elf (3/3) Orc:2        Vaults (5/5) D:13
  Crypt (0/3) Vaults:2     Depths (5/5) D:15            Zot (5/5) Depths:5

Altars:
Dithmenos
Elyvilon
Fedhas
Gozag
Kikubaaqudgha
Nemelex Xobeh
Okawaru
Qazlal
Sif Muna
Trog
Uskayaw
Vehumet
Xom
Yredelemnul
Zin
The Shining One
Beogh

Shops:
D:7 !*   D:10 *   D:11 (   Orc:1 [   Orc:2 !==[   Elf:1 :*(*   Vaults:1 *
Depths:5 ![((

Portals:
Hell: Depths:1 Depths:2 Depths:3 Depths:4 Depths:5
Abyss: Depths:4 Depths:5
Pandemonium: Depths:3 Depths:4
Ziggurat: Depths:3

Annotations:
Lair:4 Sonja
Depths:1 1 runed translucent door
Depths:4 3 runed translucent doors, Zioticie's ghost, veteran GrFi
Zot:2 1 runed translucent door, exclusion: lightning spire, Dawneret's ghost, master GnFi


Innate Abilities, Weirdness & Mutations

You can walk on water.
Your skin changes colour to match your surroundings (Stealth+).
Your natural rate of healing is unusually fast.
You occasionally shout uncontrollably at your foes.
Your spells are a little easier to cast, but a little less powerful.
Your movements are slightly less encumbered by armour. (ER -2)


Message History

The Orb Guardian hits you!! x2
The Orb Guardian hits you but does no damage. x2
A Killer Klown comes into view. It is wielding a +10 club of venom.
As you read the scroll of fog, it crumbles to dust.
The scroll dissolves into smoke.
The Orb Guardian hits you!! The Orb Guardian hits you!
An orb of fire comes into view.
The Orb Guardian hits you but does no damage.
The Orb Guardian hits you!
The Killer Klown blinks!
The Orb Guardian barely misses you.
You feel much better. The Orb Guardian hits you! The Orb Guardian hits you. x2
* * * LOW HITPOINT WARNING * * *
The Orb Guardian completely misses you. The Orb Guardian hits you!
* * * LOW HITPOINT WARNING * * *
The Orb Guardian hits you!!
* * * LOW HITPOINT WARNING * * *
The Orb Guardian hits you!
* * * LOW HITPOINT WARNING * * *
Okay, then.
As you read the scroll of fear, it crumbles to dust.
You assume a fearsome visage.
The Orb Guardian resists with some effort.
The Orb Guardian resists with almost no effort. x2
The Orb Guardian easily resists.
The Orb Guardian resists with almost no effort.
The Orb Guardian easily resists.
The Orb Guardian looks frightened!
The Orb Guardian resists with almost no effort. x2
The Orb Guardian looks frightened!
The Orb Guardian resists with almost no effort.
The orb of fire is unaffected.
The Orb Guardian resists with almost no effort.
The Orb Guardian barely misses you.
The Orb Guardian hits you but does no damage.
The Orb Guardian barely misses you.
You are confused.
You feel invigorated. The Orb Guardian hits you!!
* * * LOW HITPOINT WARNING * * *
The Orb Guardian hits you but does no damage.
The Orb Guardian hits you!!
You die...

## #............^.......#
# #........)..^........#
## #....................#
.# #......^.............#
.## #.......^............#
..###............§.X.)...#
...###....)...§§§.......##
#....##...^...§§XX§....##
###..)........§§@X§...##
#▓▓▓▓▓▓▓▓▓▓▓##8XX.^▓▓
▓▓▓▓........XXX§X..▓▓
##▓.^.........*X......▓▓
*#............X.........▓▓
*.............p...(......▓
*......^.................▓
*.......................▓▓
*.^....................▓▓


You could see an orb of fire, a Killer Klown and 11 Orb Guardians.

Vanquished Creatures
  the Royal Jelly (Slime:5)
  An ancient lich (Zot:5)
  3 orbs of fire
  Mara (Elf:3)
  A juggernaut (Depths:5)
  5 Killer Klowns (Zot:5)
  A curse toe (Zot:2)
  A caustic shrike (Depths:2)
  9 golden dragons
  Arachne (Spider:3)
  3 electric golems
  18 tentacled monstrosities
  10 Orb Guardians (Zot:5)
  4 liches
  4 deep elf master archers (Elf:3)
  4 quicksilver dragons
  6 deep elf blademasters
  12 acid blobs
  11 death cobs
  A thorn hunter (Swamp:4)
  8 shadow dragons
  A sphinx (Depths:3)
  15 storm dragons
  5 draconian monks
  9 azure jellies
  A fenstrider witch (Swamp:3)
  2 rockslimes
  2 tengu reavers
  Donald (Swamp:3)
  3 draconian knights
  9 frost giants
  6 fire giants
  5 vault wardens
  5 deep elf sorcerers (Elf:3)
  An orc warlord (Vaults:2)
  4 ghost moths
  A draconian scorcher (Zot:2)
  A draconian shifter (Zot:3)
  5 deep elf elementalists (Elf:3)
  2 draconian stormcallers
  2 draconian annihilators
  3 spriggan defenders
  21 very ugly things
  8 ironbound preservers
  11 stone giants
  A hydra skeleton (Swamp:4)
  9 quicksilver oozes
  A war gargoyle (Vaults:1)
  7 vampire knights
  9 green draconians
  4 entropy weavers
  6 black draconians
  9 yellow draconians
  6 purple draconians
  2 dire elephants
  2 deep elf demonologists (Elf:3)
  5 spark wasps (Depths:3)
  A minotaur (shapeshifter) (Vaults:3)
  13 red draconians
  7 deep elf annihilators (Elf:3)
  8 white draconians
  4 eleionomae
  9 ettins
  5 deep elf death magi
  Snorg (Lair:5)
  2 blizzard demons
  6 fire dragons
  A merfolk impaler (Depths:2)
  3 shambling mangroves (Swamp:4)
  2 deep elf high priests (Elf:3)
  11 yaktaur captains
  3 great orbs of eyes
  Erolcha (D:13)
  11 hydras
  5 ice dragons
  2 rakshasas (Depths:3)
  9 vault guards
  4 ironbound thunderhulks
  Erica (D:10)
  5 ghost crabs
  A hell beast (Depths:1)
  6 ironbound frosthearts
  18 centaur warriors
  31 dancing weapons
  A thrashing horror (Abyss:1)
  2 death yaks (Lair:4)
  8 deep troll shamans
  3 two-headed ogres
  7 alligators
  6 tengu warriors
  6 deep troll earth magi
  3 spriggan berserkers
  3 hell hogs (Depths:4)
  Urug (Lair:5)
  3 ironbound beastmasters
  A soul eater (Depths:1)
  A wretched star (Abyss:1)
  16 deep elf knights
  7 hell knights
  21 spriggans
  2 goliath frogs
  5 iron trolls
  A spatial maelstrom (Abyss:1)
  3 spriggan druids (Swamp:4)
  6 flayed ghosts
  7 swamp dragons
  42 deep trolls
  13 wizards
  17 deep elf archers
  3 glowing orange brains
  3 lindwurms
  2 bog bodies (Swamp:1)
  4 orc knights
  Pikel (D:4)
  14 deep elf zephyrmancers
  10 ironbound convokers
  8 orb spiders
  2 spectral hydras (Swamp:4)
  3 phantasmal warriors
  5 necromancers
  27 deep elf pyromancers
  4 oklob plants
  An orc sorcerer (Elf:3)
  6 cyclopes
  3 manticores
  A human zombie (Vaults:2)
  31 ugly things
  50 slime creatures
  2 large abominations (Abyss:1)
  4 will-o-the-wisps
  16 wolf spiders
  5 shining eyes
  10 elephants
  22 moths of wrath
  A rust devil (Depths:3)
  An eye of devastation (shapeshifter) (Vaults:3)
  An elephant (shapeshifter) (Vaults:2)
  2 black mambas
  3 orange demons
  A frost giant skeleton (Abyss:1)
  8 vault sentinels
  2 gargoyles
  A smoke demon (Abyss:1)
  2 eyes of devastation
  5 cane toads
  A rime drake (shapeshifter) (D:15)
  4 freezing wraiths
  A yaktaur (shapeshifter) (D:15)
  6 demonic crawlers
  28 yaktaurs
  5 komodo dragons
  4 tengu conjurers
  A tormentor (Abyss:1)
  A hydra zombie (Swamp:4)
  2 ancient zymes (Abyss:1)
  5 tyrant leeches
  22 jumping spiders
  A queen bee (shapeshifter) (Depths:4)
  A death drake zombie (Swamp:4)
  3 meliai (D:9)
  A red devil (Depths:3)
  10 trolls
  3 polar bears (Lair:6)
  20 hornets
  A blink frog (shapeshifter) (D:11)
  A blink frog (Lair:3)
  Grinder (D:4)
  6 raiju (Abyss:1)
  2 dream sheep (Lair:6)
  2 air elementals
  11 tarantellas
  7 water elementals
  56 redbacks
  A ynoxinul (Abyss:1)
  12 yaks
  A wraith (Orc:1)
  4 wyverns
  A vampire (D:12)
  2 chaos spawn
  2 basilisks (D:15)
  11 golden eyes
  2 neqoxecs
  3 fire elementals
  2 steam dragons (D:10)
  7 vampire mosquitoes
  11 swamp worms
  A warg (Orc:2)
  2 spatial vortices (Abyss:1)
  3 acid dragons
  12 water moccasins
  5 small abominations (Abyss:1)
  11 orc warriors
  An ice beast (Abyss:1)
  A swamp drake (Swamp:4)
  2 ettin simulacra (Depths:4)
  4 black bears
  A swamp dragon zombie (Swamp:4)
  10 boggarts
  9 wolves
  2 human skeletons (Vaults:2)
  6 ogres
  A swamp dragon skeleton (Swamp:4)
  3 centaurs
  2 kobold brigands
  10 bullfrogs
  4 scorpions
  A water moccasin zombie (D:7)
  3 earth elementals
  2 water moccasin skeletons (D:5)
  8 electric eels
  3 howler monkeys
  A lava snake (D:15)
  A bullfrog zombie (D:7)
  3 centaur zombies
  2 jellies (Lair:6)
  A centaur skeleton (D:7)
  3 hounds
  6 orc priests
  A bullfrog skeleton (D:6)
  Ijyb (D:4)
  8 iguanas
  18 orc wizards
  A killer bee zombie (D:9)
  A hound skeleton (D:4)
  2 gnolls (Orc:1)
  12 adders
  An ufetubus (D:5)
  A dart slug (D:3)
  38 orcs
  12 endoplasms
  A giant cockroach (D:2)
  11 goblins
  3 hobgoblins
  6 jackals (D:3)
  2 quokkas (D:1)
  11 ball pythons
  3 bats
  8 frilled lizards
  11 kobolds
  4 rats
1453 creatures vanquished.

Vanquished Creatures (collateral kills)
  A caustic shrike (Depths:1)
  A bone dragon (Depths:5)
  Jorgrun (D:10)
  4 tentacled monstrosities
  Rupert (Lair:3)
  A quicksilver dragon (Vaults:4)
  3 sphinxes
  6 acid blobs
  A shadow dragon (Depths:5)
  4 tengu reavers
  A thorn hunter (Swamp:1)
  4 rockslimes (Slime:5)
  5 azure jellies
  3 frost giants
  A fenstrider witch (Swamp:3)
  2 fire giants
  5 vault wardens
  A ghost moth (Zot:2)
  An emperor scorpion (Spider:4)
  3 spriggan defenders
  5 quicksilver oozes
  3 ironbound preservers
  4 very ugly things
  5 stone giants
  A draconian annihilator (Depths:5)
  2 black draconians (Zot:1)
  A red draconian (Depths:5)
  3 purple draconians
  4 entropy weavers
  2 dire elephants
  A yellow draconian (Zot:1)
  A bunyip (Swamp:4)
  9 spark wasps
  A white draconian (Depths:5)
  3 eleionomae
  A crystal guardian (Vaults:2)
  Josephine (Orc:1)
  A yaktaur captain (Vaults:3)
  A fire dragon (Depths:1)
  2 ettins (Depths:3)
  Harold (Orc:1)
  A shambling mangrove (Swamp:4)
  2 peacekeepers
  Fannar (D:12)
  4 ice dragons
  6 hydras
  A great orb of eyes (Vaults:1)
  3 boulder beetles
  A catoblepas (Lair:4)
  A hell beast (Depths:1)
  9 centaur warriors
  4 death yaks (Lair:4)
  A two-headed ogre (Orc:1)
  5 alligators
  3 deep troll shamans
  2 deep troll earth magi
  4 tengu warriors
  3 ironbound beastmasters
  3 spriggan berserkers
  Nergalle (D:10)
  2 orc high priests (Orc:2)
  A deep elf knight (Elf:3)
  6 hell knights
  A goliath frog (Swamp:3)
  2 iron trolls
  12 deep trolls
  2 spriggan druids
  A glowing orange brain (Depths:2)
  2 bog bodies
  2 ironbound convokers
  A swamp dragon (Swamp:1)
  3 orc knights (Orc:2)
  2 spectral hydras (Swamp:4)
  A wizard (D:12)
  4 phantasmal warriors
  A deep elf zephyrmancer (D:12)
  A lindwurm (Vaults:1)
  17 wolf spiders
  9 orb spiders
  14 ugly things
  A moth of wrath (Spider:1)
  3 orc sorcerers (Orc:2)
  3 oklob plants (Lair:3)
  9 elephants
  7 vault sentinels
  2 black mambas (Lair:3)
  3 komodo dragons
  An unseen horror (D:11)
  6 cane toads
  A freezing wraith (Swamp:4)
  A rime drake (Lair:3)
  12 yaktaurs
  3 demonic crawlers
  3 trolls
  A tengu conjurer (Depths:1)
  A hydra zombie (Swamp:4)
  A tyrant leech (Swamp:2)
  11 hornets
  16 jumping spiders
  A polar bear (Lair:6)
  A dream sheep (shapeshifter) (Vaults:3)
  A hydra skeleton (Swamp:4)
  28 slime creatures
  6 dream sheep (Lair:6)
  34 redbacks
  A water elemental (Depths:1)
  12 tarantellas
  3 wraiths (Orc:1)
  4 yaks
  11 spriggans
  5 golden eyes (Slime:3)
  2 basilisks
  2 swamp worms (Swamp:3)
  A vampire mosquito (Swamp:3)
  3 wargs
  An acid dragon (D:12)
  2 hydra simulacra (Swamp:4)
  6 water moccasins
  A floating eye (shapeshifter) (Vaults:3)
  5 swamp drakes (Swamp:4)
  10 orc warriors
  An ettin simulacrum (Depths:4)
  2 swamp dragon zombies (Swamp:4)
  5 boggarts
  An ogre (Orc:2)
  13 wolves
  4 bullfrogs (Lair:1)
  3 electric eels
  A centaur zombie (D:9)
  10 orc priests
  A gnoll shaman (Orc:1)
  5 orc wizards
  4 gnolls (Orc:1)
  3 adders (Lair:3)
  5 orcs
  A bush (Lair:6)
524 creatures vanquished.

Vanquished Creatures (others)
  5 orc warlords
  A spark wasp (Depths:3)
  A hydra (Swamp:2)
  4 orc sorcerers
  3 orc high priests
  A deep elf knight (Elf:3)
  9 orc knights
  A water elemental (Elf:3)
  An air elemental (Elf:3)
  8 orc warriors
  A boggart (Vaults:2)
  18 orc priests
  11 orc wizards
  23 orcs
  13 foxfires
  60 fungi
  147 plants
  17 withered plants
324 creatures vanquished.

Grand Total: 2301 creatures vanquished

Notes
Turn   | Place    | Note
-------+----------+-------------------------------------------
     0 | D:1      | safid the Hill Orc Fighter began the quest for the Orb.
     0 | D:1      | Reached XP level 1. HP: 19/19 MP: 1/1
   151 | D:1      | Reached XP level 2. HP: 22/27 MP: 2/2
   774 | D:1      | Reached XP level 3. HP: 32/33 MP: 3/3
   887 | D:1      | Found a faded altar of an unknown god.
  1168 | D:2      | Gained mutation: You have sharp toenails. [potion of
                  | mutation]
  1168 | D:2      | Gained mutation: Your natural rate of healing is unusually
                  | fast. [potion of mutation]
  1168 | D:2      | Gained mutation: Your muscles are strong. (Str +2) [potion
                  | of mutation]
  1182 | D:1      | Reached XP level 4. HP: 24/40 MP: 4/4
  1751 | D:3      | Reached XP level 5. HP: 46/46 MP: 5/5
  1831 | D:3      | Noticed an ogre
  1834 | D:3      | Killed an ogre
  1835 | D:3      | Reached skill level 5 in Axes
  1835 | D:3      | Reached skill level 5 in Shields
  1906 | D:3      | Found a glowing golden altar of the Shining One.
  2022 | D:3      | Reached XP level 6. HP: 52/52 MP: 6/6
  2028 | D:3      | Found a sparkling altar of Nemelex Xobeh.
  2158 | D:3      | Found a stormy altar of Qazlal.
  2543 | D:4      | Noticed Grinder
  2544 | D:4      | Noticed Pikel
  2609 | D:4      | Killed Grinder
  2610 | D:4      | Reached XP level 7. HP: 59/59 MP: 7/7
  2846 | D:4      | Identified the +8 short sword of Karma {protect, Int+3
                  | Dex-3}
  3001 | D:4      | Found a radiant altar of Vehumet.
  3021 | D:4      | Killed Pikel
  3022 | D:4      | Reached XP level 8. HP: 28/66 MP: 8/8
  3239 | D:4      | Noticed Ijyb
  3246 | D:4      | Killed Ijyb
  3329 | D:5      | Entered Level 5 of the Dungeon
  3610 | D:5      | Became a worshipper of Beogh the Brigand
  3822 | D:5      | Reached skill level 10 in Axes
  4218 | D:6      | Found a hide-covered altar of Uskayaw.
  4222 | D:6      | Reached XP level 9. HP: 71/71 MP: 9/9
  4513 | D:6      | Reached * piety under Beogh
  5026 | D:7      | Found an opulent altar of Gozag.
  5038 | D:7      | Found Gozag's Platinum Reserve.
  5204 | D:7      | Found a staircase to the Ecumenical Temple.
  5270 | D:7      | Reached skill level 10 in Shields
  5355 | D:7      | Reached ** piety under Beogh
  5386 | D:7      | Found Deucluf's Distillery.
  5391 | D:7      | Bought a potion of heal wounds for 60 gold pieces
  5391 | D:7      | Bought a potion of haste for 120 gold pieces
  5895 | D:8      | Noticed a komodo dragon
  5907 | D:8      | Killed a komodo dragon
  5908 | D:8      | Reached XP level 10. HP: 48/78 MP: 10/10
  6142 | D:8      | Identified the +10 long sword of Modesty {holy, rF+ Will+
                  | Int-2}
  6358 | D:8      | Found a shimmering blue altar of Sif Muna.
  6762 | D:9      | Reached *** piety under Beogh
  6907 | D:9      | Noticed a two-headed ogre
  6914 | D:9      | Killed a two-headed ogre
  7057 | D:10     | Entered Level 10 of the Dungeon
  7064 | D:10     | Found a staircase to the Orcish Mines.
  7164 | D:10     | Reached XP level 11. HP: 84/84 MP: 11/11
  7185 | D:10     | Found Voazxi's Serpentskin Sales.
  7224 | D:10     | Found a roughly hewn altar of Beogh.
  7487 | D:10     | Noticed Nergalle
  7494 | D:10     | Killed Nergalle
  7571 | D:10     | Reached skill level 15 in Axes
  7777 | D:10     | Noticed Erica
  7788 | D:10     | Killed Erica
  8185 | D:11     | Noticed a cyclops
  8199 | D:11     | Killed a cyclops
  8237 | D:11     | Noticed an eight-headed hydra
  8337 | D:11     | Found a staircase to the Lair.
  8359 | Lair:1   | Entered Level 1 of the Lair of Beasts
  8592 | Lair:1   | Reached **** piety under Beogh
  9165 | Lair:2   | Found a hole to the Spider Nest.
  9355 | Lair:2   | Found a staircase to the Swamp.
  9356 | Lair:2   | Noticed a bog body
  9364 | Lair:2   | Killed a bog body
  9364 | Lair:2   | Gained Oreg as an ally
  9375 | Lair:2   | Noticed an eight-headed hydra
  9381 | Lair:2   | Noticed a six-headed hydra
  9539 | Orc:1    | Entered Level 1 of the Orcish Mines
  9545 | Orc:1    | Noticed Harold
  9551 | Orc:1    | Noticed a two-headed ogre
  9552 | Orc:1    | Noticed an orc knight
  9556 | Orc:1    | Noticed Jorgrun
  9556 | Orc:1    | Killed Harold
  9557 | Orc:1    | Reached XP level 12. HP: 49/91 MP: 12/12
  9572 | D:10     | Killed Jorgrun
  9573 | D:10     | Reached skill level 15 in Shields
  9573 | D:10     | Reached skill level 1 in Invocations
  9740 | Orc:1    | Killed a two-headed ogre
  9741 | Orc:1    | Reached skill level 1 in Dodging
  9741 | Orc:1    | Reached skill level 1 in Evocations
  9743 | Orc:1    | Reached skill level 2 in Invocations
 10324 | Orc:2    | Entered Level 2 of the Orcish Mines
 10327 | Orc:2    | Gained Borgun as an ally
 10505 | Orc:2    | Found an iron altar of Okawaru.
 10540 | Orc:2    | Reached ***** piety under Beogh
 10957 | Orc:2    | Reached skill level 5 in Fighting
 10957 | Orc:2    | Reached skill level 3 in Invocations
 10964 | Orc:2    | Found a staircase to the Elven Halls.
 11142 | Orc:2    | Noticed an orc high priest
 11143 | Orc:2    | Noticed an orc high priest
 11144 | Orc:2    | Noticed an orc high priest
 11151 | Orc:2    | Killed an orc high priest
 11154 | Orc:2    | Killed an orc high priest
 11163 | Orc:2    | Reached skill level 4 in Invocations
 11171 | Orc:2    | Found Alolumicuz's Jewellery Shop.
 11171 | Orc:2    | Found Niutto's Distillery.
 11173 | Orc:2    | Found Wewiq's Antique Armour Shop.
 11173 | Orc:2    | Found Wauphiesh's Jewellery Emporium.
 11261 | Orc:2    | Bought a potion of haste for 170 gold pieces
 11261 | Orc:2    | Bought a potion of heal wounds for 85 gold pieces
 11261 | Orc:2    | Bought 2 potions of haste for 340 gold pieces
 11261 | Orc:2    | Bought a potion of curing for 51 gold pieces
 11261 | Orc:2    | Bought a potion of curing for 51 gold pieces
 11261 | Orc:2    | Bought a potion of curing for 51 gold pieces
 11361 | Orc:1    | Noticed Josephine
 11363 | Orc:1    | Found Hinovum's Armour Boutique.
 11370 | Orc:1    | Killed Josephine
 11380 | Orc:1    | Reached skill level 5 in Invocations
 11647 | D:11     | Gained Thorok as an ally
 11653 | D:11     | Found a shadowy altar of Dithmenos.
 11775 | D:11     | Killed an eight-headed hydra
 11922 | D:11     | Found Jeong's Antique Weapon Boutique.
 11936 | D:11     | Bought a glowing war axe for 104 gold pieces
 11936 | D:11     | Bought a runed war axe for 104 gold pieces
 11943 | D:11     | Gained Ogrik as an ally
 12179 | D:12     | Cast into level 2 of the Abyss (a wizard)
 12179 | Abyss:2  | Identified the +2 helmet of Xib Soisotz {Str+7}
 12222 | D:12     | Escaped the Abyss
 12267 | D:12     | Reached skill level 6 in Invocations
 12269 | D:12     | Got Ts'ui Pên's Volume of Forking Paths
 12276 | D:12     | Got Waxuex's Almanac of Axaxaxas mlö
 12300 | D:12     | Got Inaoziew's Almanac of Combed Thunderclap
 12383 | D:12     | Reached XP level 13. HP: 98/105 MP: 17/17
 12395 | D:12     | Killed Fannar
 12816 | D:12     | Reached skill level 5 in Evocations
 12919 | D:12     | Reached skill level 7 in Invocations
 13457 | Lair:2   | Reached skill level 5 in Armour
 14237 | Lair:3   | You fall into a shaft and drop 3 floors!
 14237 | Lair:6   | Entered Level 6 of the Lair of Beasts
 14434 | Lair:6   | Found a staircase to the Slime Pits.
 14442 | Lair:6   | Gained Bogwik as an ally
 14486 | Lair:6   | Gained Arbeogh as an ally
 14563 | Lair:5   | Noticed Urug
 14571 | Lair:5   | Killed Urug
 14572 | Lair:5   | Reached skill level 8 in Invocations
 15022 | Lair:4   | Reached skill level 9 in Invocations
 15203 | Lair:3   | Reached XP level 14. HP: 118/118 MP: 17/20
 15226 | Lair:3   | Noticed Rupert
 15235 | Lair:3   | Killed Rupert
 15586 | Lair:3   | Reached skill level 10 in Fighting
 15823 | Lair:4   | Reached skill level 10 in Invocations
 15925 | Lair:4   | Noticed Sonja
 15934 | Lair:4   | Cast into level 1 of the Abyss (Sonja)
 15988 | Abyss:1  | Identified the +9 broad axe of Infinite Pain {flame, Int+4
                  | SInv Stlth+}
 16203 | Abyss:1  | Reached ****** piety under Beogh
 16243 | Abyss:1  | Gained mutation: You are clumsy. (Dex -2) [a neqoxec]
 16610 | Abyss:1  | Noticed a cacodemon
 16624 | Abyss:1  | Reached skill level 11 in Invocations
 16652 | Abyss:1  | Noticed a green very ugly thing
 16663 | Abyss:1  | Killed a green very ugly thing
 16671 | Abyss:1  | HP: 9/186 [poisoned by a green very ugly thing]
 16762 | Abyss:1  | Noticed a Hell Sentinel
 16766 | Lair:4   | Escaped the Abyss
 17014 | Lair:5   | Noticed Snorg
 17022 | Lair:5   | Killed Snorg
 17548 | Lair:5   | Identified a scroll of acquirement
 17549 | Lair:5   | Acquired a manual of Fighting
 17595 | Lair:6   | Your ally Arbeogh died
 17621 | Lair:6   | Gained Morbeogh as an ally
 17642 | Lair:6   | Reached skill level 12 in Invocations
 17823 | Lair:6   | Reached XP level 15. HP: 133/133 MP: 24/24
 18277 | Lair:6   | Gained Arbolt as an ally
 18830 | D:13     | Noticed Erolcha
 18834 | D:13     | Killed Erolcha
 18969 | D:13     | Cast into level 2 of the Abyss (a wizard)
 18977 | D:13     | Escaped the Abyss
 19074 | D:13     | Found a gate to the Vaults.
 19748 | D:14     | Found a white marble altar of Elyvilon.
 20113 | D:14     | Reached skill level 13 in Invocations
 20261 | D:15     | Entered Level 15 of the Dungeon
 20268 | D:15     | Gained Bogbarth as an ally
 20649 | D:15     | Found a staircase to the Depths.
 20649 | D:15     | Noticed a frost giant
 20656 | D:15     | Your ally Ogrik died
 20658 | D:15     | Killed a frost giant
 20769 | D:15     | Found a white marble altar of Elyvilon.
 21021 | D:15     | Found a shimmering altar of Xom.
 21021 | D:15     | Found a shimmering altar of Xom.
 21023 | D:15     | Found an ornate altar of the Wu Jian Council.
 21023 | D:15     | Found a glowing silver altar of Zin.
 21023 | D:15     | Found a stormy altar of Qazlal.
 21282 | Swamp:1  | Entered Level 1 of the Swamp
 21342 | Swamp:1  | Noticed a thorn hunter
 21346 | Swamp:1  | Killed a thorn hunter
 21415 | Swamp:1  | Reached skill level 15 in Fighting
 21415 | Swamp:1  | Reached skill level 14 in Invocations
 21884 | Swamp:1  | Found a bloodstained altar of Trog.
 22045 | Swamp:1  | Reached XP level 16. HP: 148/150 MP: 26/26
 22114 | Swamp:1  | Identified the +0 leather armour of Whack-A-Mole {Int+2}
 22337 | Swamp:2  | Reached skill level 15 in Invocations
 22889 | Swamp:3  | Noticed a fenstrider witch
 22893 | Swamp:3  | Killed a fenstrider witch
 23063 | Swamp:3  | Noticed a fenstrider witch
 23069 | Swamp:3  | Killed a fenstrider witch
 23070 | Swamp:3  | Reached skill level 16 in Invocations
 23117 | Swamp:3  | Noticed Donald
 23120 | Swamp:3  | Killed Donald
 23671 | Swamp:4  | Entered Level 4 of the Swamp
 23754 | Swamp:4  | Your ally Bogwik died
 23770 | Swamp:4  | Your ally Oreg died
 24230 | Swamp:4  | Reached skill level 17 in Invocations
 24303 | Swamp:4  | Gained Orbeogh as an ally
 24441 | Swamp:4  | Reached skill level 5 in Dodging
 24553 | Swamp:4  | Reached XP level 17. HP: 160/162 MP: 19/29
 24644 | Swamp:4  | Found a basalt altar of Yredelemnul.
 24862 | Swamp:4  | Found a blossoming altar of Fedhas.
 25045 | Swamp:4  | Got a decaying rune of Zot
 25143 | Spider:1 | Entered Level 1 of the Spider Nest
 26054 | Spider:2 | Reached skill level 18 in Invocations
 27016 | Spider:3 | Reached skill level 10 in Armour
 27150 | Spider:3 | Noticed Arachne
 27155 | Spider:3 | Killed Arachne
 27598 | Spider:3 | Acquired the ring "Hiluuzuo" {rF- rC++ rCorr MP+9 Str+3}
 27703 | Spider:4 | Entered Level 4 of the Spider Nest
 27847 | Spider:4 | Reached skill level 19 in Invocations
 28055 | Spider:4 | Reached XP level 18. HP: 84/176 MP: 5/31
 28743 | Spider:4 | Got a gossamer rune of Zot
 29355 | Depths:1 | Entered Level 1 of the Depths
 29377 | Depths:1 | Reached skill level 20 in Invocations
 29397 | Depths:1 | Found a gateway to Hell.
 29741 | Depths:1 | Noticed a tentacled monstrosity
 29748 | Depths:1 | Killed a tentacled monstrosity
 29854 | Depths:1 | Noticed a lich
 29856 | Depths:1 | Killed a lich
 30075 | Depths:1 | Found a runed translucent door.
 30250 | Depths:1 | Noticed a caustic shrike
 30255 | Depths:1 | Killed a caustic shrike
 30256 | Depths:1 | Reached skill level 21 in Invocations
 30372 | Depths:1 | Identified the ring of Wonder {Wiz rF+}
 30377 | Depths:1 | Identified the ring of the Devouring Madman {Will+ rCorr
                  | Str-3 Dex+8 Stlth+}
 30386 | Depths:1 | Identified the amulet of the Stag {Faith rC+ rCorr Str-4}
 30394 | Depths:1 | Identified the amulet "Dumuvoy" {Reflect Str+3 SH+5}
 30788 | Depths:1 | Reached XP level 19. HP: 184/185 MP: 33/33
 31241 | D:7      | Bought a potion of curing for 36 gold pieces
 31380 | Vaults:1 | Entered Level 1 of the Vaults
 31506 | Vaults:1 | Reached skill level 22 in Invocations
 31729 | Vaults:1 | Reached skill level 23 in Invocations
 31747 | Vaults:1 | Your ally Morbeogh died
 32294 | Vaults:1 | Found Vistoah's Assorted Antiques.
 32308 | Vaults:1 | Bought a faintly glowing short sword for 288 gold pieces
 32308 | Vaults:1 | Identified the +9 short sword "Dostrel" {flame, rF+ Dex+2}
                  | (You bought it in a shop on level 1 of the Vaults)
 32308 | Vaults:1 | Bought a potion of haste for 360 gold pieces
 32674 | Vaults:2 | Found a staircase to the Crypt.
 32674 | Vaults:2 | Found an ancient bone altar of Kikubaaqudgha.
 32674 | Vaults:2 | Found a basalt altar of Yredelemnul.
 32946 | Vaults:2 | HP: 4/185 [crystal guardian[a peacekeeper] (26)]
 33301 | Vaults:2 | Reached skill level 24 in Invocations
 33976 | Vaults:2 | Reached XP level 20. HP: 138/193 MP: 36/36
 34608 | Vaults:3 | Identified the +1 scale mail of Autumn {rPois rC- Regen+
                  | Stlth+}
 34701 | Vaults:3 | Reached skill level 25 in Invocations
 34979 | Vaults:3 | Found a huge runed gate.
 34979 | Vaults:3 | Found a huge runed gate.
 34979 | Vaults:3 | Found a huge runed gate.
 34979 | Vaults:3 | Found a huge runed gate.
 34979 | Vaults:3 | Found a huge runed gate.
 34979 | Vaults:3 | Found a huge runed gate.
 34979 | Vaults:3 | Found a huge runed gate.
 34980 | Vaults:3 | Found a huge runed gate.
 34980 | Vaults:3 | Found a huge runed gate.
 34980 | Vaults:3 | Found a huge runed gate.
 34994 | Vaults:3 | Found a huge runed gate.
 34994 | Vaults:3 | Found a huge runed gate.
 34994 | Vaults:3 | Found a huge runed gate.
 34994 | Vaults:3 | Found a huge runed gate.
 34994 | Vaults:3 | Found a huge runed gate.
 34994 | Vaults:3 | Found a huge runed gate.
 34995 | Vaults:3 | Found a huge runed gate.
 34996 | Vaults:3 | Found a huge runed gate.
 34997 | Vaults:3 | Found a huge runed gate.
 35005 | Vaults:3 | Found a huge runed gate.
 35005 | Vaults:3 | Found a huge runed gate.
 35005 | Vaults:3 | Found a huge runed gate.
 35005 | Vaults:3 | Found a huge runed gate.
 35005 | Vaults:3 | Found a huge runed gate.
 35005 | Vaults:3 | Found a huge runed gate.
 35006 | Vaults:3 | Found a huge runed gate.
 35007 | Vaults:3 | Found a huge runed gate.
 35008 | Vaults:3 | Found a huge runed gate.
 35016 | Vaults:3 | Found a huge runed gate.
 35016 | Vaults:3 | Found a huge runed gate.
 35016 | Vaults:3 | Found a huge runed gate.
 35016 | Vaults:3 | Found a huge runed gate.
 35016 | Vaults:3 | Found a huge runed gate.
 35016 | Vaults:3 | Found a huge runed gate.
 35017 | Vaults:3 | Found a huge runed gate.
 35018 | Vaults:3 | Found a huge runed gate.
 35917 | Vaults:3 | Reached skill level 26 in Invocations
 35930 | Vaults:3 | Your ally Orbeogh died
 36098 | Vaults:4 | Your ally Thorok died
 36817 | Vaults:4 | Acquired a manual of Throwing
 37639 | Vaults:4 | Reached XP level 21. HP: 109/201 MP: 38/38
 37649 | Vaults:4 | Reached skill level 27 in Invocations
 38324 | Vaults:5 | Entered Level 5 of the Vaults
 38819 | Depths:2 | Found an ancient bone altar of Kikubaaqudgha.
 39244 | Depths:2 | Noticed a caustic shrike
 39253 | Depths:2 | Killed a caustic shrike
 39254 | Depths:2 | Reached skill level 1 in Throwing
 40145 | Depths:3 | Identified the +0 leather armour of the Guardian {rF+ rC+}
 40271 | Depths:3 | Found a gateway to a ziggurat.
 40359 | Depths:3 | Reached skill level 5 in Throwing
 40411 | Depths:3 | HP: 1/202 [something (18)]
 40414 | Depths:3 | Your ally Arbolt died
 40416 | Depths:3 | Reached XP level 22. HP: 34/211 MP: 34/39
 40421 | Depths:3 | HP: 10/211 [something (12)]
 41236 | Depths:3 | Found a one-way gate leading to the halls of Pandemonium.
 41529 | Depths:4 | Found a one-way gate to the infinite horrors of the Abyss.
 41534 | Depths:4 | Reached skill level 10 in Evocations
 42057 | Depths:4 | Identified the ring of Firubus {Fire Str+7 Dex-4}
 42072 | Depths:4 | Found a runed translucent gate.
 42072 | Depths:4 | Found a runed translucent gate.
 42072 | Depths:4 | Found a runed translucent gate.
 42109 | Depths:4 | Noticed Zioticie's ghost (veteran GrFi)
 42514 | Depths:5 | Entered Level 5 of the Depths
 42514 | Depths:5 | Found Rimyeps's Weapon Boutique.
 42548 | Depths:5 | Found Dodo Xin's Weapon Shoppe.
 42669 | Depths:5 | Found Doumet's Distillery.
 42927 | Depths:5 | Bought a potion of curing for 54 gold pieces
 42927 | Depths:5 | Bought a potion of cancellation for 144 gold pieces
 43024 | Depths:5 | Found a gate to the Realm of Zot.
 43024 | Depths:5 | Noticed a golden dragon
 43026 | Depths:5 | Noticed a juggernaut
 43028 | Depths:5 | Killed a golden dragon
 43031 | Depths:5 | Killed a juggernaut
 43142 | Depths:5 | Noticed a golden dragon
 43150 | Depths:5 | Killed a golden dragon
 43151 | Depths:5 | Reached XP level 23. HP: 200/220 MP: 40/40
 43543 | Depths:5 | Found Hecatege's Armour Boutique.
 44461 | Slime:1  | Entered Level 1 of the Pits of Slime
 46193 | Slime:5  | Entered Level 5 of the Pits of Slime
 46379 | Slime:5  | Gained mutation: You sometimes lose the ability to read
                  | scrolls when taking damage. [a shining eye]
 46393 | Slime:5  | Noticed the Royal Jelly
 46402 | Slime:5  | Killed the Royal Jelly
 46411 | Slime:5  | Your ally Borgun died
 46416 | Slime:5  | Your ally Bogbarth died
 46823 | Slime:5  | Gained Bogbrand as an ally
 46893 | Slime:5  | Your ally Bogbrand died
 46906 | Slime:5  | Gained mutation: You evolve. [a shining eye]
 46907 | Slime:5  | Gained mutation: You occasionally shout uncontrollably at
                  | your foes. [a shining eye]
 47063 | Slime:5  | Identified the +6 mace "Kegelufi" {antimagic, *Corrode
                  | rElec Str+3 Int+9}
 47063 | Slime:5  | Found the +3 salamander hide armour {Flames rF++ rC--}
 47133 | Slime:5  | Lost mutation: Your muscles are strong. (Str +2) [potion of
                  | mutation]
 47133 | Slime:5  | Lost mutation: You are clumsy. (Dex -2) [potion of
                  | mutation]
 47133 | Slime:5  | Lost mutation: You occasionally shout uncontrollably at
                  | your foes. [potion of mutation]
 47133 | Slime:5  | Gained mutation: Your body sometimes deteriorates upon
                  | taking damage. [potion of mutation]
 47147 | Slime:5  | Got a slimy rune of Zot
 47190 | Slime:5  | Identified the +2 pair of gloves of the Evening Star
                  | {Regen+ Int+4}
 47193 | Slime:5  | Identified the +9 trident "Lasaron" {elec, rCorr SInv}
 47233 | Slime:5  | Identified the +8 battleaxe "Regiyv" {drain, rPois}
 47258 | Slime:5  | Identified the +10 dagger of Gallantry {vorpal, Drain
                  | +Blink rElec rCorr}
 47267 | Slime:5  | Identified the ring of Pemeit {Fly rPois Str+6 Int+3}
 47274 | Slime:5  | Identified the +5 battleaxe of the Messenger {elec, Drain
                  | rElec Str-2 Dex+5}
 47301 | Slime:5  | Identified the +1 plate armour of the Louse {-Cast rPois
                  | Str+7}
 47942 | Elf:1    | Entered Level 1 of the Elven Halls
 48103 | Elf:1    | Paralysed by an air elemental for 1 turns
 48112 | Elf:1    | Found Xidisi's Assorted Antiques.
 48147 | Elf:1    | Bought a potion of haste for 320 gold pieces
 48181 | Elf:1    | Found Lyw But's General Store.
 48204 | Elf:1    | Found Feoggacs's Antique Weapon Shoppe.
 48305 | Elf:1    | Reached XP level 24. HP: 228/228 MP: 40/40
 48321 | Elf:1    | Found Witta's Book Shoppe.
 48348 | Elf:1    | Found a flickering gateway to a bazaar.
 48391 | Bazaar   | Entered a bazaar
 48406 | Bazaar   | Found Gemosm's General Store.
 48406 | Bazaar   | Found Liozerphuj's Distillery.
 48420 | Bazaar   | Found Lane's Antique Armour Emporium.
 48430 | Bazaar   | Found Jaot's Assorted Antiques.
 48437 | Bazaar   | Bought a potion of heal wounds for 95 gold pieces
 48438 | Bazaar   | Found Juxte's Book Emporium.
 48476 | Bazaar   | Gained mutation: You have razor-sharp toenails. [evolution]
 48480 | Bazaar   | Bought a scroll of acquirement for 468 gold pieces
 48480 | Bazaar   | Bought a potion of curing for 27 gold pieces
 48480 | Bazaar   | Bought a scroll of enchant armour for 67 gold pieces
 48480 | Bazaar   | Acquired 838 gold pieces
 48491 | Bazaar   | Bought a potion of curing for 36 gold pieces
 48491 | Bazaar   | Bought a potion of curing for 36 gold pieces
 48491 | Bazaar   | Bought a potion of curing for 36 gold pieces
 48491 | Bazaar   | Bought a potion of haste for 120 gold pieces
 48491 | Bazaar   | Bought a potion of haste for 120 gold pieces
 48491 | Bazaar   | Bought 2 potions of haste for 240 gold pieces
 48491 | Bazaar   | Bought a potion of mutation for 96 gold pieces
 48491 | Bazaar   | Bought a potion of mutation for 96 gold pieces
 48491 | Bazaar   | Lost mutation: Your body sometimes deteriorates upon taking
                  | damage. [potion of mutation]
 48491 | Bazaar   | Lost mutation: You sometimes lose the ability to read
                  | scrolls when taking damage. [potion of mutation]
 48491 | Bazaar   | Gained mutation: You possess an exceptional clarity of
                  | mind. [potion of mutation]
 48491 | Bazaar   | Lost mutation: You have razor-sharp toenails. [potion of
                  | mutation]
 48517 | Bazaar   | Bought a manual of Armour for 800 gold pieces
 49055 | Elf:2    | Found a runed translucent gate.
 49066 | Elf:2    | Found a runed translucent gate.
 49066 | Elf:2    | Found a runed translucent gate.
 49332 | Elf:2    | Identified the +1 robe of the Nexus {rElec Int+5}
 49518 | Elf:2    | Reached skill level 10 in Throwing
 50153 | Elf:3    | Entered Level 3 of the Elven Halls
 50287 | Elf:3    | Identified the +1 scimitar "Mompupom" {spect, rF- rC+++
                  | Dex-3 Stlth+}
 50312 | Elf:3    | Noticed Mara
 50317 | Elf:3    | Killed Mara
 50380 | Elf:3    | Gained Hawl as an ally
 50566 | Elf:3    | Gained Bogric as an ally
 50570 | Elf:3    | Paralysed by an air elemental for 1 turns
 50576 | Elf:3    | Paralysed by an air elemental for 1 turns
 50583 | Elf:3    | Your ally Hawl died
 50599 | Elf:3    | Your ally Bogric died
 51133 | Elf:3    | Found the +8 whip "Snakebite" {venom, curare, rPois}
 51142 | Elf:3    | Identified the +7 broad axe "Piunwik" {holy, Str+2 Int+5}
 51186 | Elf:3    | Identified the +1 war axe "Ecivvampo" {freeze, rPois rF+
                  | rC+ rCorr}
 51236 | Elf:3    | Found the +3 pair of seven-league boots {Rampage+∞}
 51295 | Elf:3    | Identified the +6 rapier of Ruviack {freeze, Int+3 SInv}
 51514 | Elf:3    | Identified the +6 trident of Ompus {holy, *Slow Will- rCorr
                  | Str+5}
 51565 | Elf:3    | Identified the +10 arbalest of Oggo {venom, rN++}
 52493 | Zot:1    | Entered Level 1 of the Realm of Zot
 52589 | Zot:1    | Reached XP level 25. HP: 169/237 MP: 40/40
 52807 | Zot:1    | You are sucked into a shaft and drop 1 floor!
 52928 | Zot:1    | Gained Wardok as an ally
 52949 | Zot:1    | Your ally Wardok died
 53822 | Zot:2    | HP: 11/240 [electric golem/bolt of lightning (24)]
 53997 | Zot:2    | Found a runed translucent door.
 54123 | Zot:2    | Noticed Dawneret's ghost (master GnFi)
 54212 | Zot:2    | Reached skill level 15 in Armour
 54801 | Zot:3    | Noticed an orb of fire
 54808 | Zot:3    | Gained mutation: You are weak. (Str -2) [an orb of fire]
 54810 | Zot:3    | Killed an orb of fire
 55095 | Zot:3    | Gained mutation: Your skin changes colour to match your
                  | surroundings (Stealth+). [evolution]
 55269 | Zot:3    | Reached XP level 26. HP: 231/249 MP: 40/40
 55867 | Zot:3    | Noticed an orb of fire
 55868 | Zot:3    | Gained mutation: You sometimes lose the ability to read
                  | scrolls when taking damage. [an orb of fire]
 55871 | Zot:3    | Killed an orb of fire
 56154 | D:14     | Lost mutation: You are weak. (Str -2) [potion of mutation]
 56154 | D:14     | Lost mutation: You have sharp toenails. [potion of
                  | mutation]
 56154 | D:14     | Gained mutation: Your body sometimes deteriorates upon
                  | taking damage. [potion of mutation]
 56154 | D:14     | Gained mutation: You expend magic power (3 MP) to
                  | strengthen your wands. [potion of mutation]
 56154 | D:14     | Gained mutation: Your flesh is heat resistant. (rF+)
                  | [potion of mutation]
 56154 | D:14     | Gained mutation: You have very sharp teeth. [potion of
                  | mutation]
 56452 | Elf:3    | Lost mutation: Your flesh is heat resistant. (rF+) [potion
                  | of mutation]
 56452 | Elf:3    | Lost mutation: You have very sharp teeth. [potion of
                  | mutation]
 56452 | Elf:3    | Lost mutation: You expend magic power (3 MP) to strengthen
                  | your wands. [potion of mutation]
 56452 | Elf:3    | Gained mutation: You have large cloven feet. [potion of
                  | mutation]
 56452 | Elf:3    | Lost mutation: Your body sometimes deteriorates upon taking
                  | damage. [potion of mutation]
 56452 | Elf:3    | Gained mutation: You have hoof-like feet. [potion of
                  | mutation]
 56453 | Elf:3    | Lost mutation: You possess an exceptional clarity of mind.
                  | [potion of mutation]
 56453 | Elf:3    | Lost mutation: You have hoof-like feet. [potion of
                  | mutation]
 56453 | Elf:3    | Gained mutation: Your mind is acute. (Int +2) [potion of
                  | mutation]
 56488 | Elf:3    | Identified the +3 ring mail of Feophuo {Int+2}
 57022 | Zot:3    | Identified the +6 mace of Ophacw {freeze, rElec MP+9 Int-5}
 57809 | D:4      | Lost mutation: Your mind is acute. (Int +2) [potion of
                  | mutation]
 57809 | D:4      | Lost mutation: You sometimes lose the ability to read
                  | scrolls when taking damage. [potion of mutation]
 57809 | D:4      | Lost mutation: Your skin changes colour to match your
                  | surroundings (Stealth+). [potion of mutation]
 57809 | D:4      | Gained mutation: You expend magic power (3 MP) to
                  | strengthen your wands. [potion of mutation]
 59015 | Zot:4    | Identified the +7 shortbow "Hiprevuo" {flame, Will+ Int+2}
 59681 | Zot:5    | Entered Level 5 of the Realm of Zot
 59806 | Zot:5    | Reached skill level 15 in Evocations
 60222 | Zot:5    | Noticed an ancient lich
 60226 | Zot:5    | Killed an ancient lich
 60227 | Zot:5    | Reached XP level 27. HP: 258/261 MP: 38/40
 60332 | Zot:5    | Noticed an orb of fire
 60337 | Zot:5    | Gained mutation: You are frail. (-10% HP) [an orb of fire]
 60344 | Zot:5    | Killed an orb of fire
 60975 | D:7      | Lost mutation: You expend magic power (3 MP) to strengthen
                  | your wands. [potion of mutation]
 60975 | D:7      | Gained mutation: You expend magic power (3 MP) to
                  | strengthen your wands. [potion of mutation]
 60975 | D:7      | Gained mutation: You are agile. (Dex +2) [potion of
                  | mutation]
 60976 | D:7      | Lost mutation: You are frail. (-10% HP) [potion of
                  | mutation]
 60976 | D:7      | Lost mutation: You have large cloven feet. [potion of
                  | mutation]
 60976 | D:7      | Gained mutation: You are partially covered in iridescent
                  | scales. (AC +2) [potion of mutation]
 60976 | D:7      | Gained mutation: You tend to lose your temper in combat.
                  | [potion of mutation]
 61105 | D:3      | Lost mutation: You are partially covered in iridescent
                  | scales. (AC +2) [potion of mutation]
 61105 | D:3      | Lost mutation: You are agile. (Dex +2) [potion of mutation]
 61105 | D:3      | Lost mutation: You tend to lose your temper in combat.
                  | [potion of mutation]
 61105 | D:3      | Gained mutation: You occasionally shout uncontrollably at
                  | your foes. [potion of mutation]
 61105 | D:3      | Gained mutation: You have a pair of small antennae on your
                  | head. [potion of mutation]
 61336 | Orc:2    | Bought a potion of mutation for 136 gold pieces
 61336 | Orc:2    | Bought a potion of mutation for 136 gold pieces
 61336 | Orc:2    | Lost mutation: You evolve. [potion of mutation]
 61336 | Orc:2    | Lost mutation: You have a pair of small antennae on your
                  | head. [potion of mutation]
 61336 | Orc:2    | Lost mutation: You expend magic power (3 MP) to strengthen
                  | your wands. [potion of mutation]
 61336 | Orc:2    | Gained mutation: Your spells are a little easier to cast,
                  | but a little less powerful. [potion of mutation]
 61336 | Orc:2    | Gained mutation: Your skin changes colour to match your
                  | surroundings (Stealth+). [potion of mutation]
 61336 | Orc:2    | Gained mutation: Your movements are slightly less
                  | encumbered by armour. (ER -2) [potion of mutation]
 62272 | Zot:5    | Noticed an orb of fire
 62275 | Zot:5    | HP: 7/264 [Orb Guardian (27)]
 62275 | Zot:5    | Demolished by an Orb Guardian

Illustrated notes

Levels and vault maps discovered:
D:1:      elethiomel_arrival_infinity_welcomes_careful_drivers, layout_basic,
          shapermc_ecumenical_altar_mp_highgroup
D:2:      layout_rooms
D:3:      layout_loops_corners, mainiacjoe_overflow_cross_hatched,
          mainiacjoe_overflow_swirl, minmay_fractal_squares_gapless_5
D:4:      layout_cave_pods, mainiacjoe_overflow_alcove_2, uniq_ijyb, uniq_pikel,
          uniq_grinder
D:5:      layout_loops_ring
D:6:      layout_loops_corners, lemuel_tele_altar
D:7:      cheibrodos_quashed, layout_loops_ring,
          nicolae_gozag_zags_fifth_avenue, minmay_temple_entry_mist,
          serial_shops, nicolae_shop_trees
D:8:      layout_basic, tgw_sif, minmay_lizard_king
D:9:      layout_rooms
D:10:     cheibrodos_steamvent, layout_long_grid, minmay_orc_entry_temple_small,
          guppyfry_shop_venom, uniq_nergalle, uniq_erica
D:11:     layout_stronghold, lair_entry_dummy, serial_shops,
          nicolae_shop_overgrown_old_shop, nicolae_dithmenos_shadow_blocks
D:12:     minmay_skewed_foursquare, layout_basic, bh_hangedman_babel_library,
          uniq_fannar
D:13:     layout_basic, david_vaults_1, uniq_erolcha
D:14:     layout_basic, elyvilon_altar_5
D:15:     grunt_enter_depths_snipers, layout_basic, kennysheep_flooded_box,
          minivault_27, doesnt_xom_only_xom
Lair:1:   layout_regular_city
Lair:2:   layout_regular_city, skrybe_swamp_entry_bodies, dummy_spider_entry,
          serial_bayou_shore_a, grunt_megastairs_2, serial_bayou_shore_b
Lair:3:   minmay_lair_venomous_thicket, layout_big_grid,
          minmay_lair_oklob_chamber, uniq_rupert
Lair:4:   layout_long_grid, uniq_sonja
Lair:5:   layout_cellular_growth, gauntlet_entry_generic, uniq_urug, uniq_snorg
Lair:6:   minmay_lair_end_enchanted_forest, layout_regular_city,
          nicolae_slime_entry_slimehenge, minivault_11, dpeg_stationary_puzzle
Swamp:1:  layout_falls_marsh, serial_swamp_ruin, evilmike_swamp_ruin_house_5,
          evilmike_swamp_ruin_house_1, evilmike_swamp_ruin_house_6, swamp_pool1,
          nicolae_swamp_godswood
Swamp:2:  layout_basic_swamp, evilmike_swamp_ruin_rubble_1
Swamp:3:  layout_falls_marsh, evilmike_swamp_ruin_house_2, swamp_pool1,
          infiniplex_staircase_pool, uniq_donald
Swamp:4:  byrel_swamp_growth_death_and_undeath, layout_basic_swamp
Spider:1: layout_spider_delve
Spider:2: layout_spider_delve
Spider:3: layout_spider_delve, einodemon_crawler_minivault, uniq_arachne
Spider:4: grunt_spider_rune_parallel, nicolae_spider_baby_got_redback
Slime:1:  layout_caves
Slime:2:  layout_caves
Slime:3:  layout_caves
Slime:4:  layout_caves
Slime:5
Orc:1:    layout_caves, serial_shops, shop, uniq_jorgrun, uniq_harold,
          uniq_josephine
Orc:2:    grunt_orc_tribal_feast, layout_diamond_mine, okawaru_metal_pillars_1_2
Elf:1:    layout_loops_ring, serial_shops, bzr_entry_islet, shop, shop,
          nicolae_shop_statue_plus, shop_fountains, minivault_28,
          lemuel_flame_loot_1
Elf:2:    nicolae_elf_blades_splatter_lattice [nicolae_blade_tridents],
          layout_geoelf_octagon, minivault_5
Elf:3:    minmay_elf_hall, layout_loops_ring, uniq_mara
Vaults:1: hangedman_vaults_corner, vaults_standard_mumra_enter_the_diamond,
          nicolae_vaults_big_ls, vaults_dpeg_cross, ontoclasm_vaults_gateway,
          nicolae_vaults_sealed_display, grunt_vaults_funnel,
          layout_vaults_big_room, serial_shops, shop_statue
Vaults:2: ontoclasm_vaults_spin, ontoclasm_vaults_bender, v_misc_22,
          grunt_vaults_hallway_short, hangedman_vaults_river_flow,
          minmay_crypt_entry_necro_gods, st_cross, v_alt_pattern_6,
          nicolae_vaults_little_squares_6, vaults_room_pool,
          nicolae_vaults_mini_display_case, layout_vaults_omnigrid
Vaults:3: v_alt_pattern_6, hangedman_vaults_nails, hangedman_vaults_capsules,
          nicolae_vaults_three_branches, nicolae_vaults_little_squares_3,
          hangedman_vaults_cutoff, nicolae_vaults_alarming, vaults_door_vault,
          ontoclasm_vaults_ring_small, vaults_room_door_ring, layout_vaults_ring
Vaults:4: v_misc_2, nicolae_vaults_asterisk, st_cells, vaults_room_corners,
          nicolae_vaults_big_angled_halls, nicolae_vaults_network_s, v_misc_18,
          v_misc_17, nicolae_vaults_angled_halls,
          nicolae_vaults_little_squares_1, hangedman_vaults_snaps,
          layout_vaults_omnicross
Vaults:5: uniq_mennas
Depths:1: minmay_the_grid_triangle_9x9_rhombus_full
          [minmay_the_grid_triangle_9x9_limited_checkers,
          minmay_the_grid_triangle_9x9_semitri,
          minmay_the_grid_triangle_9x9_descending_squares,
          minmay_the_grid_triangle_9x9_sparse_checkered,
          minmay_the_grid_triangle_9x9_subtriangle,
          minmay_the_grid_triangle_9x9_from_above,
          minmay_the_grid_triangle_9x9_steps,
          minmay_the_grid_triangle_9x9_prize_special], layout_cave_pools,
          grunt_mini_vestibule, nrook_mini_vaults, st_stairs_8,
          kennysheep_path_1, grunt_decor_resistance, kb_rosetta
Depths:2: minmay_sliced_demisemicircle, layout_gridlike, hell_entry,
          kiku_gazebo_garden_becter, minmay_parallelograms,
          serial_sigils_hangedman_gut, minmay_misc_feat_hallway,
          minmay_staircase_windowed_small
Depths:3: nzn_winding_woodlands_medium [nzn_winding_woodlands_5x5_perimeter,
          nzn_winding_woodlands_5x15_concentric,
          nzn_winding_woodlands_5x5_closed_star,
          nzn_winding_woodlands_5x5_cross,
          nzn_winding_woodlands_center_triple_pond,
          nzn_winding_woodlands_hourglass, nzn_winding_woodlands_5x5_three,
          nzn_winding_woodlands_5x15_split_checker,
          nzn_winding_woodlands_5x5_open_star], layout_cave_shapes,
          enter_ziggurat_f, hell_entry, grunt_pan_entry_zigzag,
          kennysheep_generic_room_14
Depths:4: hangedman_elemental_death_ray, layout_long_grid, pan_entry,
          kennysheep_pointless_box, pf_coc_iceberg, gammafunk_ghost_icy,
          abyss_entry, lightli_corner_chamber
Depths:5: grunt_twist_and_shout, layout_basic, abyss_entry, serial_shops, shop,
          shop, shop, shop_fountains, hell_entry, serial_bayou_shore_b
Zot:1:    layout_basic
Zot:2:    layout_gridlike, gammafunk_ghost_grave, amethyst_zot_foddershock
Zot:3:    layout_concentric_octagons, hangedman_zot_decor_slant, st_stairs_1,
          grunt_ministairs_10
Zot:4:    kennysheep_room_grid, layout_basic
Zot:5:    layout_gridlike, grunt_ministairs_6, st_stairs_7

Skill      XL: |  1  2  3  4  5  6  7  8  9 10 11 12 13 14 15 16 17 18 19 20 21 22 23 24 25 26 27 |
---------------+----------------------------------------------------------------------------------+-----
Axes           | 3 4 5 7 8 10 12 14 16 18 | 18.0
Fighting       | 4 7 9 12 15 17 19 20 21 22 24 | 24.4
Shields        | 4 5 6 7 9 11 12 14 15 18 19 22 23 24 | 24.9
Armour         | 4 7 8 9 10 13 15 16 | 16.0
Invocations    | 6 9 12 14 17 19 21 24 26 27 | 27.0
Dodging        | 3 4 5 7 8 |  8.0
Evocations     | 4 7 8 9 10 12 13 15 16 | 16.0
Throwing       | 5 9 11 12 | 12.0

Action                   |  1- 3 |  4- 6 |  7- 9 | 10-12 | 13-15 | 16-18 | 19-21 | 22-24 | 25-27 || total
-------------------------+-------+-------+-------+-------+-------+-------+-------+-------+-------++-------
Melee: War axe           |    95 |   122 |    33 |   397 |   283 |       |       |       |       ||   930
       Kick              |     1 |    20 |    95 |   110 |       |       |       |       |       ||   226
       Whip              |       |       |   159 |       |       |       |       |       |       ||   159
       Hand axe          |       |       |   149 |       |       |       |       |       |       ||   149
       Broad axe         |       |       |       |       |   465 |   748 |   886 |  1122 |   861 ||  4082
Throw: Dart              |       |       |     1 |     7 |     1 |       |     3 |       |       ||    12
       Javelin           |       |       |       |       |       |       |     9 |    12 |       ||    21
Invok: Convert to Beogh  |       |       |     1 |       |       |       |       |       |       ||     1
       Recall Orcish Fol |       |       |       |     7 |    12 |    10 |     7 |     4 |       ||    40
       Give Item to Name |       |       |       |     2 |       |       |     3 |       |       ||     5
       Smiting           |       |       |       |       |    11 |    44 |    55 |    34 |    25 ||   169
       Resurrection      |       |       |       |       |       |       |       |     1 |       ||     1
Evoke: Wand              |       |       |       |     1 |       |       |       |       |       ||     1
       Lightning rod     |       |       |       |       |       |       |     1 |     1 |       ||     2
       Phial of floods   |       |       |       |       |       |       |       |       |     1 ||     1
  Use: Potion            |     2 |     1 |     1 |     6 |    13 |     3 |     9 |     7 |    20 ||    62
       Scroll            |       |       |    13 |     5 |    12 |     7 |     9 |    10 |    13 ||    69
 Stab: Invisible         |     1 |       |       |       |       |       |       |       |       ||     1
       Distracted        |       |       |       |     3 |     5 |     6 |     2 |    10 |       ||    26
       Held in net/web   |       |       |       |       |       |     1 |       |       |       ||     1
Armor: Scale mail        |    72 |    61 |    54 |       |       |       |       |       |       ||   187
       Plate armour      |       |       |    58 |   173 |   289 |   515 |   414 |    84 |       ||  1533
       Skin              |       |       |       |    18 |       |       |       |       |     1 ||    19
       Gold dragon scale |       |       |       |       |       |       |       |   312 |   360 ||   672
Dodge: Dodged            |    25 |    35 |    69 |    66 |   165 |   184 |   227 |   176 |   138 ||  1085
Block: Kite shield       |    75 |    72 |   175 |   247 |   435 |   559 |   631 |   487 |       ||  2681
       Tower shield      |       |       |       |       |       |       |       |   478 |   978 ||  1456
